 Dungeon Crawl Stone Soup version 0.24-a0-613-g1ff6aac338 (webtiles) character file.

Game seed: 3637481913786216074, levelgen mode: deterministic

44 Enish the Chopper (level 3, 0/29 HPs)
             Began as a Formicid Chaos Knight on Sept 11, 2019.
             Was a Plaything of Xom.
             Slain by an adder (7 damage)
             ... on level 2 of the Dungeon.
             The game lasted 00:02:00 (269 turns).

Enish the Chopper (Formicid Chaos Knight)            Turns: 269, Time: 00:02:00

Health: 0/29       AC:  5    Str: 17    XL:     3   Next: 85%
Magic:  3/3        EV: 11    Int: 11    God:    Xom [..*...]
Gold:   63         SH:  0    Dex: 10    Spells: 2/2 levels left

rFire    . . .     SeeInvis +   a - +0 hand axe (chaos)
rCold    . . .     Gourm    .   (no shield)
rNeg     . . .     Faith    .   b - +2 leather armour
rPois    .         Spirit   .   (helmet unavailable)
rElec    .         Reflect  .   (no cloak)
rCorr    .         Harm     .   (no gloves)
MR       .....                  (no boots)
Stlth    +.........             (no amulet)
HPRegen  0.09/turn              (no ring)
MPRegen  0.08/turn              (no ring)

@: no status effects
A: permanent stasis, dig shafts and tunnels, four strong arms, antennae 3
a: Dig, Shaft Self, Renounce Religion


You were on level 2 of the Dungeon.
You worshipped Xom.
You were a toy of Xom.
You were not hungry.

You visited 1 branch of the dungeon, and saw 2 of its levels.

You collected 63 gold pieces.

Inventory:

Hand Weapons
 a - a +0 hand axe of chaos (weapon)
Armour
 b - a +2 leather armour (worn)
Wands
 e - a wand of digging (7)
Potions
 d - a potion of lignification
Comestibles
 c - 2 rations


   Skills:
 - Level 3.2 Fighting
 - Level 4.0 Axes
 * Level 3.1 Armour
 - Level 0.8 Dodging


You had 2 spell levels left.
You didn't know any spells.
Your spell library was empty.

Dungeon Overview and Level Annotations

Branches:
Dungeon (2/15)

Altars:
Nemelex Xobeh


Innate Abilities, Weirdness & Mutations

You cannot be hasted, slowed, berserked, paralysed or teleported.
You can dig through walls and to a lower floor.
Your four strong arms can wield two-handed weapons with a shield.
You have a pair of large antennae on your head. (SInv)


Message History

You kill the bat!
The adder bites you. x2
You barely miss the adder.
The adder is heavily wounded.
The adder bites you but does no damage. x2
You miss the adder.
The adder is heavily wounded.
The adder barely misses you. The adder bites you but does no damage.
You hit the adder.
The adder goes berserk!
The adder is severely wounded.
The adder bites you but does no damage. The adder closely misses you.
You closely miss the adder.
The adder is severely wounded.
The adder barely misses you. The adder bites you but does no damage.
The adder bites you.
* * * LOW HITPOINT WARNING * * *
You miss the adder.
The adder is severely wounded.
The adder misses you. The adder bites you!
You die...

..# #.# . #.# #.##.
#.#+#... #.....# >... +
......+ ..... .#.
......##..... ....
............# .....
............######......
#...........##..@†......
.....#########.S........
.....'.†............#...
†....#####........#.....
........ +........+.....
.#########....##### ....
.........#....# ...
(#######.#....# ... (#
#....#


You could see an adder (berserk).

Vanquished Creatures
  2 adders (D:2)
  An ooze (D:2)
  4 leopard geckos (D:2)
  An orc (D:2)
  4 bats (D:2)
  A giant cockroach (D:2)
  3 kobolds
  3 rats
19 creatures vanquished.

Notes
Turn   | Place    | Note
-------+----------+-------------------------------------------
     0 | D:1      | Enish the Formicid Chaos Knight began the quest for the
                  | Orb.
     0 | D:1      | Reached XP level 1. HP: 18/18 MP: 1/1
     3 | D:1      | You fall into a shaft and drop 1 floor!
    50 | D:2      | Reached XP level 2. HP: 24/24 MP: 2/2
   172 | D:1      | You fall into a shaft and drop 1 floor!
   192 | D:2      | Reached skill level 4 in Axes
   192 | D:2      | Reached XP level 3. HP: 13/29 MP: 3/3
   229 | D:2      | Found a sparkling altar of Nemelex Xobeh.
   269 | D:2      | Slain by an adder

Levels and vault maps discovered:
D:1:      zaba_arrival_water, layout_basic
D:2:      layout_basic, nemelex_dance_club_becter

Skill      XL: |  1  2  3 |
---------------+----------+-----
Axes           | 4 |  4.0
Armour         | 3 |  3.1
Fighting       | |  3.2
Dodging        | |  0.8

Action                   || total
-------------------------++-------
Melee: Hand axe          ||    56
 Abil: Dig               ||     2
       Shaft Self        ||     2
  Use: Scroll            ||     2
Armor: Leather armour    ||    29
Dodge: Dodged            ||    51

Table legend:
 A = Non-vault XP
 B = Vault XP
 C = Vault XP percentage of total XP
 D = Non-vault monster count
 E = Vault monster count
 F = Vault count percentage of total count
                 A         B        C        D         E       F
            +---------+---------+-------+---------+---------+-------
      Total |      53 |      10 |  15.9 |      17 |       2 |  10.5
            +---------+---------+-------+---------+---------+-------
        D:1 |       4 |       0 |   0.0 |       3 |       0 |   0.0
        D:2 |      49 |      10 |  16.9 |      14 |       2 |  12.5
            +---------+---------+-------+---------+---------+-------
